 Dungeon Crawl Stone Soup version 0.17-a0-1731-g129c023 (webtiles) character file.

6643 RedzDrunk the Frost Mage (level 11, -1/67 HPs)
             Began as a Gargoyle Ice Elementalist on Aug 29, 2015.
             Was a Believer of Okawaru.
             Killed from afar by a gargoyle (21 damage)
             ... with a stone arrow
             ... on level 9 of the Dungeon.
             The game lasted 01:06:54 (11992 turns).

RedzDrunk the Frost Mage (GrIE)                    Turns: 11992, Time: 01:06:54

Health: -1/67      AC: 17    Str: 15    XL:     11   Next: 2%
Magic:  16/18      EV: 15    Int: 18    God:    Okawaru [**....]
Gold:   616        SH:  6    Dex: 15    Spells: 4 memorised, 7 levels left

rFire  . . .     SeeInvis .     e - +1 flail
rCold  . . .     Clarity  .     a - +0 robe
rNeg   + . .     SustAt   +     (no shield)
rPois  ∞         Gourm    .     u - +1 hat
rElec  +         Spirit   .     A - +2 cloak
rCorr  .         Warding  .     r - +2 pair of gloves
rMut   .         Stasis   .     (no boots)
MR     .....                    (no amulet)
Stlth  ++++......               k - +3 ring of dexterity
                                h - ring of sustain attributes

@: icy shield, not resistant to hostile enchantments, stealthy
A: thin skeletal structure 1, camouflage 1, deterioration 1, negative energy
resistance 1, electricity resistance, strong 1, unbreathing, petrification
resistance, rot immunity, AC +7
a: Heroism, Renounce Religion


You were on level 9 of the Dungeon.
You worshipped Okawaru.
Okawaru was pleased with you.
You were near starving.

You visited 2 branches of the dungeon, and saw 11 of its levels.

You collected 616 gold pieces.

Inventory:

Hand weapons
 e - a +1 flail (weapon)
Armour
 a - a +0 robe (worn)
 r - a +2 pair of gloves (worn)
 u - a +1 hat (worn)
 A - a +2 cloak (worn)
Jewellery
 h - a ring of sustain attributes (left hand)
 k - a +3 ring of dexterity (right hand)
Magical devices
 j - a wand of flame (16)
 l - a wand of digging (17)
 t - a wand of confusion (48)
 F - a wand of teleportation (5)
 H - a wand of disintegration (3)
Scrolls
 d - a scroll of fear
 m - 2 scrolls of recharging
 q - 11 scrolls of identify
 w - 2 scrolls of teleportation
 x - a scroll of blinking
 y - a scroll of amnesia
 G - a scroll of magic mapping
Potions
 g - 2 potions of brilliance
 i - 2 potions of resistance
 o - a potion of poison
 p - a potion of cancellation
 v - a potion of curing
 z - a potion of flight
 B - a potion of heal wounds
Books
 b - a book of Frost

   Spells                             Type                      Level
   a - Freeze                         Ice                          1
   b - Throw Frost                    Conjuration/Ice              2
   c - Ozocubu's Armour               Charms/Ice                   3
   d - Throw Icicle                   Conjuration/Ice              4
   e - Summon Ice Beast               Ice/Summoning                4
   f - Condensation Shield            Ice                          4
 n - a book of Conjurations

   Spells                             Type                      Level
   a - Magic Dart                     Conjuration                  1
   b - Searing Ray                    Conjuration                  2
   c - Dazzling Spray                 Conjuration/Hexes            3
   d - Fulminant Prism                Conjuration/Hexes            4
   e - Iskenderun's Mystic Blast      Conjuration                  4
   f - Iskenderun's Battlesphere      Conjuration/Charms           5
 D - a book of Necromancy

   Spells                             Type                      Level
   a - Pain                           Necromancy                   1
   b - Animate Skeleton               Necromancy                   1
   c - Vampiric Draining              Necromancy                   3
   d - Regeneration                   Charms/Necromancy            3
   e - Animate Dead                   Necromancy                   4
   f - Control Undead                 Necromancy                   4
Comestibles
 c - 9 bread rations
 f - 5 meat rations
 s - 5 fruits
 E - 11 royal jellies


   Skills:
 + Level 7.1 Fighting
 + Level 6.1 Maces & Flails
 + Level 6.0 Armour
 + Level 5.0 Dodging
 - Level 3.0 Stealth
   Level 0.2 Shields
 + Level 5.3 Spellcasting
 + Level 6.3 Conjurations
 * Level 8.2 Ice Magic


You had 7 spell levels left.
You knew the following spells:

 Your Spells              Type           Power        Failure   Level  Hunger
a - Throw Frost           Conj/Ice       ####..       1%          2    #......
b - Condensation Shield   Ice            ####......   4%          4    ####...
c - Ozocubu's Armour      Chrm/Ice       ###.....     10%         3    ##.....
d - Throw Icicle          Conj/Ice       ####....     8%          4    ####...


Dungeon Overview and Level Annotations

Branches:
Dungeon (10/15)            Temple (1/1) D:5
   Lair: D:8-11         Orc: D:9-12

Altars:
Ashenzari
Cheibriados
Dithmenos
Elyvilon
Fedhas
Gozag
Kikubaaqudgha
Makhleb
Nemelex Xobeh
Okawaru
Qazlal
Ru
Sif Muna
Trog
Vehumet
Xom
Yredelemnul
Zin
The Shining One

Shops:
D:5 }   D:8 [

Annotations:
D:2 Sigmund
D:7 max's ghost, experienced MiBe
D:8 Erolcha


Innate Abilities, Weirdness & Mutations

You are resistant to torment.
Your stone body is resilient (AC +7).
You are immune to poison.
You resist negative energy.
You are resistant to electric shocks.
You can survive without breathing.
You are immune to petrification.
You are immune to rotting.
You have a somewhat thin skeletal structure (Dex +2, Stealth).
Your skin changes colour to match your surroundings (Stealth).
Your body sometimes deteriorates upon taking damage.
Your muscles are strong. (Str +2)


Message History

You climb upwards.
Your icy armour evaporates.
There is a stone staircase leading down here.
You hit the gargoyle.
The gargoyle is moderately damaged.
The gargoyle hurls a stone arrow at you.
The stone arrow misses you.
You hit the gargoyle.
The gargoyle is moderately damaged.
Your icy shield starts to melt.
You block the gargoyle's attack.
You hit the gargoyle.
The gargoyle is heavily damaged.
The gargoyle hits you with a mace!
* * * LOW HITPOINT WARNING * * *
Your body deteriorates!
You feel weakened for a moment.
The gargoyle hurls a stone arrow at you.
The stone arrow hits you!
You die...

#######...###..####(#
#..).)....# #...# #.#
#
#.#####...###...###.#
## #.#
#.###.......#.###.
#.# #.#
#............. #)#
#.# #.............
#.# #9#
##....##..###. #.#
#.# #.)..##..# #.
#.## #@# #..####..#
#. #..# #.# ##.# #.##
#. ##.## #.### #.#
#.# #. #..###...###.#
#.# ##
##.#.#.....##.####.#
#.###..............##
##.#.#........####..#
##.###....#### ##.#
#.#
##...########.####


You could see a gargoyle.

Vanquished Creatures
  A hill giant (D:10)
  The ghost of demonpo the Archer, an experienced HEHu (D:6)
  A troll (D:9)
  A wyvern (D:9)
  A hippogriff (D:7)
  A deep elf mage (D:8)
  2 hungry ghosts (D:7)
  A necrophage (D:7)
  3 sky beasts
  2 ice beasts (D:8)
  3 phantoms
  3 ogres
  4 centaurs
  A big kobold (D:9)
  A gnoll sergeant (D:8)
  9 giant frogs
  7 scorpions
  A water moccasin skeleton (D:5)
  2 wyvern skeletons
  3 crimson imps
  9 wights (D:9)
  3 giant frog skeletons
  A centaur skeleton (D:9)
  2 giant frog zombies
  Crazy Yiuf (D:4)
  A centaur zombie (D:7)
  6 orc priests
  8 hounds
  A gnoll shaman (D:5)
  5 jellies
  9 orc wizards
  A quasit (D:9)
  2 iguanas
  6 worker ants
  2 hound zombies
  3 hound skeletons
  14 adders
  22 gnolls
  2 shadow imps
  8 oozes
  3 adder skeletons
  An adder zombie (D:5)
  4 worms
  6 giant geckos
  27 orcs
  6 bats
  8 giant cockroaches
  2 gnoll zombies (D:5)
  8 hobgoblins
  20 jackals
  11 kobolds
  3 quokkas
  9 giant newts
  7 goblins
  A jackal skeleton (D:3)
  A jackal zombie (D:5)
  13 rats
284 creatures vanquished.

Notes
Turn   | Place    | Note
--------------------------------------------------------------
     0 | D:1      | RedzDrunk the Gargoyle Ice Elementalist began the quest for the Orb.
     0 | D:1      | Reached XP level 1. HP: 10/10 MP: 3/3
   237 | D:1      | Reached skill level 1 in Fighting
   291 | D:1      | Reached XP level 2. HP: 9/16 MP: 5/5
   417 | D:1      | Reached skill level 1 in Maces & Flails
   538 | D:1      | Learned a level 2 spell: Throw Frost
   799 | D:1      | Reached XP level 3. HP: 21/21 MP: 6/6
  1668 | D:2      | Reached XP level 4. HP: 27/27 MP: 7/7
  2012 | D:2      | Noticed Sigmund
  2648 | D:3      | Reached XP level 5. HP: 29/32 MP: 8/8
  3519 | D:3      | Reached XP level 6. HP: 23/37 MP: 1/9
  3611 | D:4      | Reached skill level 1 in Armour
  3877 | D:4      | Noticed Crazy Yiuf
  3884 | D:4      | Killed Crazy Yiuf
  4190 | D:4      | Reached XP level 7. HP: 32/42 MP: 4/10
  4269 | D:4      | Noticed a phantom
  4345 | D:4      | Killed a phantom
  4524 | D:5      | Entered Level 5 of the Dungeon
  4619 | D:5      | Reached skill level 4 in Fighting
  4647 | D:5      | Gained mutation: You have a somewhat thin skeletal structure (Dex +2, Stealth). [potion of beneficial mutation]
  4897 | D:5      | Found a staircase to the Ecumenical Temple.
  4951 | D:5      | Reached XP level 8. HP: 41/48 MP: 3/12
  5006 | Temple   | Entered the Ecumenical Temple
  5402 | D:5      | Found Luarae's Gadget Shop.
  5841 | D:5      | Found a basalt altar of Yredelemnul.
  6006 | D:6      | Reached skill level 5 in Ice Magic
  6260 | D:6      | Reached skill level 5 in Fighting
  6388 | D:6      | Learned a level 3 spell: Ozocubu's Armour
  6461 | D:6      | Reached XP level 9. HP: 51/54 MP: 14/14
  6524 | D:6      | Noticed demonpo's ghost (experienced HEHu)
  7004 | D:6      | Found an opulent altar of Gozag.
  7035 | D:6      | Killed demonpo's ghost
  7035 | D:6      | Reached skill level 5 in Maces & Flails
  7035 | D:6      | Reached skill level 6 in Ice Magic
  7085 | D:7      | Noticed max's ghost (experienced MiBe)
  7367 | D:7      | Learned a level 4 spell: Condensation Shield
  7663 | D:7      | Found a snail-covered altar of Cheibriados.
  7663 | D:7      | Found a shadowy altar of Dithmenos.
  7665 | D:7      | Found a radiant altar of Vehumet.
  7707 | D:7      | Noticed a moth of wrath
  7755 | D:7      | Found a bloodstained altar of Trog.
  8249 | D:7      | Found an iron altar of Okawaru.
  8256 | D:7      | Became a worshipper of Warmaster Okawaru
  8276 | D:7      | Learned a level 4 spell: Throw Icicle
  8538 | D:8      | Reached skill level 5 in Conjurations
  8538 | D:8      | Reached XP level 10. HP: 58/60 MP: 16/16
  8563 | D:8      | Reached skill level 5 in Armour
  8582 | D:8      | Reached skill level 7 in Ice Magic
  8903 | D:8      | Found a radiant altar of Vehumet.
  9040 | D:8      | Acquired Okawaru's first power
  9374 | D:8      | Found a shimmering altar of Xom.
  9530 | D:8      | Noticed Erolcha
  9671 | D:10     | Entered Level 10 of the Dungeon
  9829 | D:8      | Found Erphu's Armour Shoppe.
 10941 | D:9      | Reached skill level 5 in Spellcasting
 11076 | D:9      | Found a glowing silver altar of Zin.
 11422 | D:10     | Reached skill level 8 in Ice Magic
 11554 | D:10     | Gained mutation: Your skin changes colour to match your surroundings (Stealth). [potion of mutation]
 11554 | D:10     | Gained mutation: Your muscles are strong. (Str +2) [potion of mutation]
 11554 | D:10     | Gained mutation: Your body sometimes deteriorates upon taking damage. [potion of mutation]
 11930 | D:10     | Noticed a hill giant
 11970 | D:10     | Killed a hill giant
 11970 | D:10     | Reached skill level 5 in Dodging
 11970 | D:10     | Reached XP level 11. HP: 40/67 MP: 16/18
 11992 | D:9      | Killed from afar by a gargoyle

Vault maps used:
D:1:      dpeg_arrival_simpleton_a, due_unseen_surprise
D:2:      minmay_misc_feat_iff, uniq_sigmund
D:4:      uniq_crazy_yiuf_cottage
D:5:      lemuel_zombie_altar_yredelemnul, temple_fountains, serial_shops,
          nicolae_shop_stone, first_bread
D:6:      serial_glass, glass_columns_b, glass_columns_a, basic_altar
D:7:      tgw_trog, lemuel_crystal_altar, grunt_temple_overflow_open
D:8:      tgw_xom, serial_shops, shop_fountains, basic_altar, uniq_erolcha
D:9:      zin_statuary, hangedman_little_slice_of_home,
          hangedman_abyss_or_decor_passed
Temple:   triangle_lava_temple_11

Action                   |  1- 3 |  4- 6 |  7- 9 | 10-12 || total
-------------------------+-------+-------+-------+-------++-------
Melee: Club              |    28 |     5 |       |       ||    33
       Unarmed           |     6 |       |       |       ||     6
       Whip              |   148 |    49 |       |       ||   197
       Flail             |       |   220 |   519 |   700 ||  1439
 Cast: Throw Frost       |     8 |    16 |    46 |    10 ||    80
       Freeze            |     3 |    35 |    33 |       ||    71
       Ozocubu's Armour  |       |       |     9 |    19 ||    28
       Condensation Shie |       |       |     6 |    15 ||    21
  Use: Scroll            |     3 |     2 |     8 |     3 ||    16
       Potion            |       |       |    12 |     4 ||    16
 Stab: Sleeping          |     2 |     4 |    10 |     7 ||    23
       Distracted        |       |     1 |       |     1 ||     2
  Eat: Chunk             |     3 |    11 |    10 |    15 ||    39
       Pizza             |       |       |     1 |       ||     1
       Fruit             |       |       |     2 |     1 ||     3
       Meat ration       |       |       |     2 |       ||     2
       Royal jelly       |       |       |     1 |       ||     1
